 Dungeon Crawl Stone Soup version 0.28.0-45-g0d030f2227 (webtiles) character file.

Game seed: 2449222101328984565

949 Jerry the Chucker (level 7, 0/68 HPs)
             Began as a Troll Hunter on Apr 8, 2022.
             Was an Initiate of Gozag.
             Slain by a red ugly thing (23 damage)
             ... on level 6 of the Dungeon.
             The game lasted 00:16:36 (4751 turns).

Jerry the Chucker (Troll Hunter)                    Turns: 4751, Time: 00:16:37

Health: 0/68       AC:  4    Str: 21    XL:     7   Next: 90%
Magic:  6/6        EV: 12    Int: 11    God:    Gozag
Gold:   256        SH:  0    Dex: 22    Spells: 6/6 levels left

rFire   . . .      SeeInvis .   m - +6 short sword "Uthoetuo" {drain, rPois rC+ Int+4 Dex+4}
rCold   + . .      Faith    .   (no shield)
rNeg    . . .      Spirit   .   b - +0 robe
rPois   +          Reflect  .   (helmet restricted)
rElec   .          Harm     .   (no cloak)
rCorr   .          Rampage  .   (gloves unavailable)
Will    +....                   (boots unavailable)
Stlth   ++........              (no amulet)
HPRegen 1.01/turn               h - +6 ring of dexterity
MPRegen 0.10/turn               j - ring of willpower

@: no status effects
A: large, unfitting armour, claws 3, regeneration 1, shaggy fur 1, tough skin 1
a: Renounce Religion, Potion Petition, Call Merchant, Bribe Branch


You were on level 6 of the Dungeon.
You worshipped Gozag.
Gozag was aware of your devotion.
You visited 1 branch of the dungeon, and saw 6 of its levels.

You collected 313 gold pieces.
You paid 57 gold pieces to Gozag.

Inventory:

Hand Weapons
 a - a +0 whip
 i - a +2 short sword of speed
 m - the +6 short sword "Uthoetuo" (weapon) {drain, rPois rC+ Int+4 Dex+4}
   (You found it on level 3 of the Dungeon)

   A truly terrible weapon, it drains the life of any living foe it strikes.
   Int:       It affects your intelligence (+4).
   Dex:       It affects your dexterity (+4).
   rC:        It protects you from cold.
   rPois:     It protects you from poison.
 o - a +2 whip of venom
Missiles
 c - 9 large rocks (quivered)
 d - 2 throwing nets
Armour
 b - a +0 robe (worn)
Jewellery
 h - a +6 ring of dexterity (left claw)
 j - a ring of willpower (right claw)
 x - a ring of resist corrosion
Wands
 p - a wand of flame (57)
 r - a wand of iceblast (4)
Scrolls
 f - 2 scrolls of immolation {unknown}
 g - a scroll of blinking {unknown}
 n - 5 scrolls of enchant weapon {unknown}
 q - a scroll of fog {unknown}
 s - 3 scrolls of identify {unknown}
 u - a scroll of summoning {unknown}
Potions
 e - 2 potions of curing {unknown}
 k - 2 potions of might {unknown}
 l - 5 potions of heal wounds {unknown}
 t - a potion of cancellation {unknown}
 v - 2 potions of invisibility {unknown}
 w - a potion of magic {unknown}


   Skills:
 + Level 3.7 Fighting
 * Level 5.0 Maces & Flails
 + Level 5.1 Throwing
 + Level 3.6 Dodging
 - Level 0.3 Stealth


You had 6 spell levels left.
You didn't know any spells.
Your spell library contained the following spells:

 Spells                   Type           Power      Damage    Failure   Level
 Animate Skeleton         Necr           0%         N/A       34%         1
 Apportation              Tloc           0%         N/A       34%         1
 Magic Dart               Conj           0%         1d3       34%         1
 Sandblast                Erth           0%         2d4       34%         1
 Summon Small Mammal      Summ           0%         N/A       34%         1
 Call Imp                 Summ           0%         N/A       47%         2
 Passwall                 Tmut/Erth      0%         N/A       47%         2
 Gell's Gravitas          Tloc           0%         N/A       71%         3
 Lesser Beckoning         Tloc           0%         N/A       71%         3
 Mephitic Cloud           Conj/Pois/Air  0%         N/A       71%         3
 Stone Arrow              Conj/Erth      0%         3d7       71%         3
 Teleport Other           Tloc           0%         N/A       71%         3


Dungeon Overview and Level Annotations

Branches:
Dungeon (6/15)
 Temple: D:4-7

Altars:
Gozag
Makhleb
Okawaru
Vehumet
Wu Jian


Innate Abilities, Weirdness & Mutations

You are too large for most types of armour.
You have claws for hands.
Your natural rate of healing is unusually fast.
You are covered in fur. (AC +1)
You have tough skin. (AC +1)


Message History

No target in view!
No target in view!
You now have 256 gold pieces (gained 15).
Things that are here:
a +0 shortbow of flaming; 18 arrows
x - a ring of resist corrosion
There is an ornate altar of the Wu Jian Council here.
You open the door.
Found a radiant altar of Vehumet.
Found a stone staircase leading down.
There is a stone staircase leading down here.
A hound and a sky beast come into view.
The hound moves out of view.
A red ugly thing comes into view.
The red ugly thing gurgles horribly!
An ogre comes into view. It is wielding a +0 giant spiked club.
The red ugly thing headbutts you!
You are engulfed in flames!!
The hound barks!
You hit the red ugly thing.
The red ugly thing is lightly wounded.
The red ugly thing headbutts you.
You are engulfed in flames!
You are too injured to fight recklessly!
You are too injured to fight recklessly!
You are too injured to fight recklessly!
You are too injured to fight recklessly!
You are too injured to fight recklessly!
You are too injured to fight recklessly!
You are too injured to fight recklessly!
You are too injured to fight recklessly!
You are too injured to fight recklessly!
You are too injured to fight recklessly!
You are too injured to fight recklessly!
You are too injured to fight recklessly!
You are too injured to fight recklessly!
You are too injured to fight recklessly!
You are too injured to fight recklessly!
You are too injured to fight recklessly!
The red ugly thing headbutts you!
You are engulfed in flames!!
You die...
Your body crumbles into a pile of gold.

..#......#≈≈.≈≈#...#.... .....#
.........#≈._.≈#..##.#.# .....#
...##.#..#≈≈.≈≈#...#...##......
# ..###.##.#≈≈.≈
#.......#....... .
..##.....###'###.#.##..#.......
.
...............#.#.##O.........
.
..##>...#......#.#.##.h........
.
...##...#........#.#...........
.
...#.#..#.......@#>##Y.........
.
............##...uY#......##...
. ......#..#......##.h##....#
....
..###....#..........##....#
##..
..#......###.........#.##.#
#... ......##.........).....#
## ... #.....#..#.............#
##.#. #######..#..........##..#
###..## #..#...........#
..#.#....#.


You could see a red ugly thing, a sky beast and a hound.

Vanquished Creatures
  An ogre (D:4)
  A phantom (D:4)
  A centaur (D:6)
  A kobold brigand (D:6)
  Blork the orc (D:4)
  3 hounds
  An orc priest (D:3)
  4 iguanas
  Ijyb (D:4)
  2 orc wizards (D:5)
  A hound skeleton (D:4)
  Robin (D:2)
  6 adders
  7 gnolls
  A shadow imp (D:3)
  2 adder skeletons (D:4)
  2 worms
  A dart slug (D:1)
  6 orcs
  8 ball pythons
  7 endoplasms
  4 giant cockroaches
  19 goblins
  9 hobgoblins
  3 quokkas
  8 bats
  2 frilled lizards (D:1)
  14 kobolds
  4 rats
121 creatures vanquished.

Vanquished Creatures (others)
  4 demonic plants (D:1)
  36 plants (D:2)
40 creatures vanquished.

Grand Total: 161 creatures vanquished

Notes
Turn   | Place    | Note
-------+----------+-------------------------------------------
     0 | D:1      | Jerry the Troll Hunter began the quest for the Orb.
     0 | D:1      | Reached XP level 1. HP: 19/19 MP: 0/0
   208 | D:1      | Reached XP level 2. HP: 27/28 MP: 1/1
   249 | D:1      | Found a faded altar of an unknown god.
   851 | D:2      | Reached skill level 1 in Maces & Flails
   851 | D:2      | Reached XP level 3. HP: 35/35 MP: 2/2
   919 | D:2      | Noticed Robin
  1035 | D:2      | Killed Robin
  1036 | D:2      | Reached XP level 4. HP: 33/42 MP: 3/3
  1526 | D:2      | Found a burning altar of Makhleb.
  1551 | D:2      | Reached XP level 5. HP: 50/50 MP: 4/4
  1871 | D:3      | Identified the +1 trident "Udosetho" {drain, rF+ Will+
                  | Str+3 Int+2}
  2157 | D:3      | Identified the +6 short sword "Uthoetuo" {drain, rPois rC+
                  | Int+4 Dex+4}
  2447 | D:4      | Noticed Blork the orc
  2462 | D:4      | Killed Blork the orc
  2463 | D:4      | Reached XP level 6. HP: 38/59 MP: 5/5
  2731 | D:4      | Noticed Ijyb
  2742 | D:4      | Killed Ijyb
  2867 | D:4      | Reached XP level 7. HP: 67/67 MP: 6/6
  3218 | D:5      | Entered Level 5 of the Dungeon
  3895 | D:5      | Found an opulent altar of Gozag.
  3899 | D:5      | Became a worshipper of Gozag Ym Sagoz the Greedy
  3903 | D:5      | Found a burning altar of Makhleb.
  3908 | D:5      | Found an iron altar of Okawaru.
  4438 | D:6      | Reached skill level 5 in Throwing
  4647 | D:6      | Found an ornate altar of the Wu Jian Council.
  4656 | D:6      | Reached skill level 5 in Maces & Flails
  4726 | D:6      | Found a radiant altar of Vehumet.
  4739 | D:6      | Noticed a red ugly thing
  4751 | D:6      | Slain by a red ugly thing

Illustrated notes

Levels and vault maps discovered:
D:1:      minmay_arrival_solitary_statue, layout_basic,
          shapermc_ecumenical_altar_gd
D:2:      layout_basic, basic_altar, serial_bayou, serial_bayou_ford_a,
          serial_bayou_pond_c, serial_bayou_pond_e, serial_bayou_lagoon_b,
          serial_bayou_pond_d, serial_bayou_lake_a, serial_bayou_pond_e,
          nicolae_grassy_gnolls, uniq_robin
D:3:      layout_rooms, chequers_hall_statues_wall_a, grunt_ministairs_12
D:4:      minmay_chambers_of_threes, layout_basic, uniq_ijyb, uniq_blork_the_orc
D:5:      layout_loops_ring, grunt_temple_overflow_diamond,
          serial_co_window_serial, co_window_paths_b, co_window_corner_a,
          co_window_corner_a, co_window_corner_a, co_window_corner_a,
          co_window_paths_a, co_window_broadway_c, co_window_unsneaky_path_d,
          co_window_corner_b, co_window_broadway_a, co_window_of_opportunity_c,
          co_window_unsneaky_path_c, co_window_2corner, co_window_paths_e,
          co_window_paths_d, glass_columns_c, glass_columns_b, glass_columns_b,
          glass_columns_a, glass_columns_b
D:6:      minmay_chambers_of_sixes, layout_cave_pools,
          nicolae_wu_jian_wuxing_cycle, kennysheep_little_box

Skill      XL: |  1  2  3  4  5  6  7 |
---------------+----------------------+-----
Fighting       | 2 3 |  3.7
Dodging        | 2 3 |  3.6
Maces & Flails | 1 2 3 5 |  5.0
Throwing       | 4 5 |  5.1
Stealth        | |  0.3

Action                   |  1- 3 |  4- 6 |  7- 9 || total
-------------------------+-------+-------+-------++-------
Melee: Short sword       |   148 |   179 |    76 ||   403
       Punch             |       |     4 |     3 ||     7
Throw: Large rock        |       |     4 |       ||     4
 Stab: Sleeping          |     1 |     9 |     5 ||    15
Armor: Robe              |    37 |    44 |    22 ||   103
Dodge: Dodged            |    70 |    90 |    44 ||   204
